 Dungeon Crawl Stone Soup version 0.31-a0-217-g58bb5d79cf (webtiles) character file.

Game seed: 10937339049696065731

46 qw the Shooter (level 3, 0/21 HPs)
             Began as a Gargoyle Hexslinger on July 2, 2023.
             Slain by a hobgoblin (4 damage)
             ... led by Robin
             ... on level 2 of the Dungeon.
             The game lasted 00:00:25 (793 turns).

qw the Shooter (Gargoyle Hexslinger)                 Turns: 793, Time: 00:00:26

Health: 0/21       AC:  6    Str: 11    XL:     3   Next: 68%
Magic:  4/4        EV: 11    Int: 13    God:
Gold:   29         SH:  0    Dex: 14    Spells: 3/4 levels left

rFire   . . .        Y - +1 sling
rCold   . . .        (no shield)
rNeg    + . .        g - +0 leather armour
rPois   inf          (no helmet)
rElec   +            (no cloak)
rCorr   .            (no gloves)
SInv    .            (no boots)
Will    .....        (no amulet)
Stlth   +            (no ring)
HPRegen 0.23/turn    (no ring)
MPRegen 0.09/turn

%: no passive effects
@: no status effects
A: sickness immunity, AC +3, negative energy resistance 1, electricity
resistance, torment resistance 1, petrification resistance
a: no special abilities


You were on level 2 of the Dungeon.
You visited 1 branch of the dungeon, and saw 2 of its levels.

You collected 29 gold pieces.


Innate Abilities, Weirdness & Mutations

You are immune to sickness and miasma.
Your stone body is resilient. (AC +3)
You are immune to poison.
You resist negative energy. (rN+)
You are resistant to electric shocks. (rElec)
You are resistant to unholy torment.
You are immune to petrification.


   Skills:
 - Level 2.0 Fighting
 + Level 3.6 Ranged Weapons
 - Level 1.5 Dodging
 - Level 1.0 Spellcasting
 - Level 2.6 Hexes


You had 3 spell levels left.
You knew the following spells:

 Your Spells              Type           Power      Damage    Failure   Level
a - Slow                  Hex            28%        N/A       12%         1

Your spell library contained the following spells:

 Spells                   Type           Power      Damage    Failure   Level
 Inner Flame              Hex/Fire       4%         N/A       54%         3
 Portal Projectile        Hex/Tloc       8%         N/A       54%         3
 Cause Fear               Hex            3%         N/A       77%         4

Inventory:

Hand Weapons
 Y - a +1 sling (weapon)
Armour
 g - a +0 leather armour (worn)
Potions
 f - a potion of enlightenment

Dungeon Overview and Level Annotations

Branches:
Dungeon (2/15)

Altars:

Annotations:
D:2 Robin


Message History

Robin throws the goblin at you! The goblin hits you with a +0 club.
You shoot a sling bullet. The sling bullet hits the goblin.
The goblin is severely wounded.
The hobgoblin hits you. The goblin hits you but does no damage.
Robin throws the goblin at you!
A goblin comes into view. It is wielding a +0 club.
The hobgoblin hits you but does no damage.
The goblin barely misses you. The goblin closely misses you.
786 ||| Stepping ~*~*~tactically~*~*~ (outnumbered).
You shoot a sling bullet.
The sling bullet completely misses the hobgoblin.
The sling bullet hits the goblin.
You kill the goblin!
You shoot a sling bullet. The sling bullet hits the goblin.
You kill the goblin!
The hobgoblin hits you but does no damage.
You shoot a sling bullet.
The sling bullet closely misses the hobgoblin.
The hobgoblin hits you. x2
You shoot a sling bullet.
The sling bullet completely misses the hobgoblin.
The hobgoblin barely misses you. The hobgoblin hits you.
You shoot a sling bullet.
The sling bullet barely misses the hobgoblin.
The hobgoblin hits you. The hobgoblin closely misses you.
Robin throws the goblin at you! The goblin barely misses you.
The hobgoblin hits you. The hobgoblin misses you.
You shoot a sling bullet. The sling bullet hits the hobgoblin.
The hobgoblin is severely wounded.
The goblin hits you but does no damage. The hobgoblin misses you.
The hobgoblin hits you but does no damage.
Robin's bangles clink loudly.
You shoot a sling bullet.
The sling bullet hits the hobgoblin but does no damage.
The hobgoblin is severely wounded.
The goblin no longer looks unusually strong.
The goblin barely misses you.
The hobgoblin hits you but does no damage.
The hobgoblin hits you.
You die...

..........#
......?...#
..........#
...).....<#
g..g......#
..g....g..#
..).gg.gg.#
###g#.#
#.@g..#
.......g.###
...........
........####
........#
........#
........#
#........


You could see Robin, 3 hobgoblins and 2 goblins.

Vanquished Creatures
  2 dart slugs (D:1)
  2 ball pythons (D:1)
  3 bats (D:1)
  3 endoplasms (D:1)
  A giant cockroach (D:1)
  7 goblins
  3 hobgoblins (D:1)
  4 jackals (D:1)
  2 quokkas (D:1)
  A frilled lizard (D:1)
  5 kobolds (D:1)
  4 rats (D:1)
37 creatures vanquished.

Notes
Turn   | Place    | Note
-------+----------+-------------------------------------------
     0 | D:1      | qw the Gargoyle Hexslinger began the quest for the Orb.
     0 | D:1      | Reached XP level 1. HP: 12/12 MP: 2/2
     0 | D:1      | 0 ||| qw: Version: 0.3-a-40-ge99b1a8
     0 | D:1      | 0 ||| qw: Game counter: 7965
     0 | D:1      | 0 ||| qw: Melee chars always use a shield: true
     0 | D:1      | 0 ||| qw: God list: Okawaru
     0 | D:1      | 0 ||| qw: Allow faded altars: false
     0 | D:1      | 0 ||| qw: Do Orc after clearing Dungeon:15 true
     0 | D:1      | 0 ||| qw: Do second Lair branch before Depths: true
     0 | D:1      | 0 ||| qw: Lair rune preference: random
     0 | D:1      | 0 ||| qw: Goals: Normal
     0 | D:1      | 0 ||| PLANNING D:1-11
    99 | D:1      | Reached XP level 2. HP: 16/16 MP: 3/3
   172 | D:1      | Reached skill level 3 in Ranged Weapons
   333 | D:1      | Reached XP level 3. HP: 18/21 MP: 4/4
   707 | D:1      | 707 ||| UPGRADING to +0 leather armour.
   717 | D:1      | 717 ||| DROPPING +0 robe.
   718 | D:1      | 718 ||| READING 2 scrolls labelled MEONOW WOTHRUEGIGHA.
   719 | D:1      | 719 ||| READING 2 scrolls labelled JUG LACVEKOA.
   720 | D:1      | 720 ||| READING 2 scrolls labelled EMUROI KIX KUTANU.
   735 | D:1      | 735 ||| DRINKING 2 amethyst potions.
   736 | D:1      | 736 ||| DROPPING scroll of noise.
   737 | D:1      | 737 ||| DROPPING scroll of poison.
   738 | D:1      | 738 ||| DROPPING scroll of revelation.
   739 | D:1      | 739 ||| DROPPING scroll of torment.
   780 | D:2      | Noticed Robin
   786 | D:2      | 786 ||| Stepping ~*~*~tactically~*~*~ (outnumbered).
   791 | D:2      | HP: 4/21 [hobgoblin[Robin] (3)]
   793 | D:2      | Slain by a hobgoblin

Levels and vault maps discovered:
D:1:      eino_arrival_water_star, layout_loops_ring, serial_bayou_pond_b,
          minmay_misc_feat_four_crosses
D:2:      layout_basic, grunt_decor_junction, uniq_robin, uniq_jessica,
          uniq_natasha

Skill      XL: |  1  2 |
---------------+-------+-----
Ranged Weapons | 3 |  3.6
Fighting       | 2 |  2.0
Dodging        | |  1.5
Spellcasting   | |  1.0
Hexes          | |  2.6

Action                     || total
---------------------------++-------
   Fire: Sling             ||   108
    Use: Scroll            ||     3
         Potion            ||     1
 Armour: Robe              ||     8
         Leather armour    ||     7
  Dodge: Dodged            ||    42

Table legend:
 A = Non-vault XP
 B = Vault XP
 C = Vault XP percentage of total XP
 D = Non-vault monster count
 E = Vault monster count
 F = Vault count percentage of total count
                 A         B        C        D         E       F
            +---------+---------+-------+---------+---------+-------
      Total |      53 |      14 |  20.9 |      29 |       8 |  21.6
            +---------+---------+-------+---------+---------+-------
        D:1 |      53 |       7 |  11.7 |      29 |       4 |  12.1
        D:2 |       0 |       7 | 100.0 |       0 |       4 | 100.0
            +---------+---------+-------+---------+---------+-------
